 Dungeon Crawl Stone Soup version 0.28-a0-657-g71136c5590 (webtiles) character file.

Game seed: 10827915794270489377

15 demibob the Skirmisher (level 2, 9/24 HPs)
             Began as a Demonspawn Abyssal Knight on Oct 14, 2021.
             Was an Initiate of Lugonu.
             Quit the game on level 1 of the Dungeon.
             The game lasted 00:01:32 (185 turns).

demibob the Skirmisher (Demonspawn Abyssal Knight)   Turns: 185, Time: 00:01:32

Health: 9/24       AC:  3    Str: 13    XL:     2   Next: 34%
Magic:  3/3        EV: 11    Int: 11    God:    Lugonu [......]
Gold:   0          SH:  0    Dex: 13    Spells: 1/1 levels left

rFire   . . .      SeeInvis .   a - +1 spear
rCold   . . .      Faith    .   (no shield)
rNeg    . . .      Spirit   .   b - +0 leather armour
rPois   .          Reflect  .   (no helmet)
rElec   .          Harm     .   (no cloak)
rCorr   .          Rampage  .   (no gloves)
Will    .....                   (no boots)
Stlth   +.........              (no amulet)
HPRegen 0.08/turn               (no ring)
MPRegen 0.08/turn               (no ring)

@: mighty
A: weakness stinger 1
a: Renounce Religion


You were on level 1 of the Dungeon.
You worshipped Lugonu.
Lugonu was noncommittal.
You visited 1 branch of the dungeon, and saw 1 of its levels.
You visited the Abyss 1 time.


Innate Abilities, Weirdness & Mutations

You have a small tail.


   Skills:
 - Level 3.0 Fighting
 + Level 2.7 Polearms
 - Level 1.7 Armour
 - Level 0.8 Dodging
 - Level 2.4 Invocations


You had one spell level left.
You didn't know any spells.
Your spell library was empty.

Inventory:

Hand Weapons
 a - a +1 spear (weapon)
Armour
 b - a +0 leather armour (worn)
Magical Staves
 f - a staff of poison {!a}
Scrolls
 g - a scroll of enchant armour {unknown}
Potions
 c - a potion of degeneration {unknown}
 e - a potion of mutation {unknown}

Dungeon Overview and Level Annotations

Branches:
Dungeon (1/15)

Altars:

#.#.#.####..)... ...... .
#........ .....# ..#.#.#
#.#.##... .....# ..#.#.
....# ... ....# .>... ....#
....# #... ....#.# #.#.#
#.. #.#.#.# #.#.# #.#
....#.######.#.####.#.#.##
#.#.#.#.........@).........
#.#.#.#.####.#..##..#...###
#.#.#.#.####.#..##..#...#
#.#.#.#....#.#..##..# .##
#........#..........# .#
#...#........#..#.... .
#.....#....###..###... ..
................# ##.
##.#..........


There were no monsters in sight!


Message History

The bat completely misses you. The bat closely misses you.
Reach: a) +1 spear
Press: ? - help, Dir - move target, f - bat
Aim: a bat (about 50% to evade your +1 spear)
You barely miss the bat. The bat barely misses you. x2
You miss the bat. The bat hits you but does no damage. The bat misses you.
You closely miss the bat. The bat closely misses you.
The bat barely misses you.
You puncture the bat!
You kill the bat!
Lugonu accepts your kill. The ball python barely misses you. x2
You barely miss the ball python. The ball python barely misses you.
The ball python grabs you. The ball python constricts you.
* * * LOW HITPOINT WARNING * * *
You hit the ball python.
You kill the ball python!
Lugonu accepts your kill.
You barely miss the gnoll.
The gnoll is severely wounded.
The gnoll hits you with a +0 club.
* * * LOW HITPOINT WARNING * * *
You puncture the gnoll!
You kill the gnoll!
Lugonu accepts your kill.
You have reached level 2!
You feel monstrous as your demonic heritage exerts itself.
Your demonic ancestry asserts itself...
You grow a small tail.
Are you sure you want to abandon this character and quit the game? (Confirm with "yes".)

Skill      XL: |  1 |
---------------+----+-----
Polearms       | 2 |  2.7
Fighting       | |  3.0
Armour         | |  1.7
Dodging        | |  0.8
Invocations    | |  2.4

Action                   || total
-------------------------++-------
Melee: Spear             ||    20
Invok: Depart the Abyss  ||     1
  Use: Potion            ||     1
Armor: Leather armour    ||     4
Dodge: Dodged            ||    15

Levels and vault maps discovered:
D:1:      minmay_arrival_glassed_features, layout_basic,
          shapermc_ecumenical_altar_mp_highgroup,
          chequers_serial_rivers_large_b, minmay_vboxes

Notes
Turn   | Place    | Note
-------+----------+-------------------------------------------
     0 | Abyss:1  | demibob the Demonspawn Abyssal Knight began the quest for
                  | the Orb.
     0 | Abyss:1  | Reached XP level 1. HP: 18/18 MP: 2/2
    36 | Abyss:1  | Noticed a large abomination
   101 | D:1      | You pass through the gate.
   101 | D:1      | Escaped the Abyss
   131 | D:1      | Reached skill level 2 in Polearms
   185 | D:1      | You feel monstrous as your demonic heritage exerts itself.
   185 | D:1      | Discovered your monstrous ancestry.
   185 | D:1      | Gained mutation: You have a small tail. [demonic ancestry]
   185 | D:1      | Reached XP level 2. HP: 9/24 MP: 3/3
   185 | D:1      | Quit the game

Vanquished Creatures
  A gnoll (D:1)
  A bat (D:1)
  An endoplasm (D:1)
  A quokka (D:1)
  A ball python (D:1)
  A frilled lizard (D:1)
6 creatures vanquished.

Table legend: (Time is in decaauts)
 A = Elapsed time spent in this place.
 B = Non-inter-level travel time spent in this place.
 C = Inter-level travel time spent in this place.
 D = Time resting spent in this place.
 E = Time spent auto-exploring this place.
 F = Levels seen in this place.
 G = Mean time per level.
                   A        B        C        D        E       F      G
               +--------+--------+--------+--------+--------+-----+--------+
         Total |    184 |    184 |      0 |      0 |     49 |   2 |   92.0 |
       Dungeon |     83 |     83 |      0 |      0 |     49 |   1 |   83.0 |
         Abyss |    101 |    101 |      0 |      0 |      0 |   1 |  101.0 |
               +--------+--------+--------+--------+--------+-----+--------+

Top non-repeatable levels by time:
 Abyss:1: 101 daAuts
     D:1: 83 daAuts

Table legend:
 A = Non-vault XP
 B = Vault XP
 C = Vault XP percentage of total XP
 D = Non-vault monster count
 E = Vault monster count
 F = Vault count percentage of total count
                 A         B        C        D         E       F
            +---------+---------+-------+---------+---------+-------
      Total |      22 |       0 |   0.0 |       6 |       0 |   0.0
            +---------+---------+-------+---------+---------+-------
        D:1 |      22 |       0 |   0.0 |       6 |       0 |   0.0
            +---------+---------+-------+---------+---------+-------
